cohdb
Replays
Latest Replays
All Replays
Popular Replays
Top Player Replays
Match Explorer
How It Works
Community
CoH3 Stats
Reddit
Sign in to upload your games and track your stats! →
Sign in with Steam
Match 44615387
Unlisted
Match 44615387
Overview
Messages
Build Orders
End
Vickers Machine Gun Team
Construct Section Command Post
Infantry Section
Infantry Section
Infantry Section
Construct Platoon Command Post
Unlock Bishop Self-propelled Artillery
Bishop Self-propelled Artillery
Grenade Package
6-pounder Anti-tank Gun Team
Infantry Section
Selects Heavy Armor Battlegroup
Selects Rigorous Vehicle Training
Bishop Self-propelled Artillery
Light Vehicle Training
Construct Company Command Post
Selects Forward Repair Assembly
Selects Light Vehicle Withdraw and Refit
Selects Radio Net
Crusader II Medium Tank
Foot Guards Section
Selects Recon Artillery
Crusader II Medium Tank
Crusader II Medium Tank
Crusader II Medium Tank
Royal Engineer Section
Recon Artillery
Landser
*Mule
FeriG
MatioS
Ashilrye
Dirkradix
0
0
Comments
sign in to comment!
No comments posted yet!